APL (24 & UNDER)
PENSACOLA PILOTS @ MONTGOMERY GREY SOX
07/15/2029
 
TOP OF THE 1ST
Pensacola Pilots batting - Pitching for Montgomery Grey Sox : RHP Guillermo Duarte
Pitching: RHP Guillermo Duarte
Batting: SHB Carlos González 0-0: Foul Ball, location: 2F
0-1: Called Strike
0-2: Foul Ball, location: 2F
0-2: Strikes out swinging
Batting: LHB Freddy Torres 0-0: Ball
1-0: Ball
2-0: Called Strike
2-1: Foul Ball, location: 2F
2-2: Strikes out swinging
Batting: SHB Ron Winston 0-0: Foul Ball, location: 2F
0-1: Ball
1-1: Ball
2-1: SINGLE (Flyball, 89M)
Batting: LHB Ángel Flores 0-0: Ball
1-0: Ball
2-0: Foul Ball, location: 2F
2-1: Foul Ball, location: 2F
2-2: Foul Ball, location: 2F
2-2: Ball
3-2: Strikes out looking
Top of the 1st over - 0 runs, 1 hit, 0 errors, 1 left on base; Pensacola 0 - Montgomery 0
BOTTOM OF THE 1ST
Montgomery Grey Sox batting - Pitching for Pensacola Pilots : RHP Pedro Vargas
Pitching: RHP Pedro Vargas
Batting: LHB Salvador López 0-0: Called Strike
0-1: Fly out, F6 (Popup, 4M)
Batting: RHB Mike Cleveland 0-0: Fly out, F4 (Line Drive, 4)
Batting: RHB Pedro Castro 0-0: Ball
1-0: Ball
2-0: Swinging Strike
2-1: Ball
3-1: Base on Balls
Batting: RHB Glen MacDonald 0-0: Ball
1-0: Ball
2-0: Ball
3-0: Called Strike
3-1: Called Strike
3-2: DOUBLE (Flyball, 78XD)
Pedro Castro to third
Pedro Castro scores
Batting: LHB Aaron Thompson 0-0: Called Strike
0-1: Ball
Wild Pitch!
Glen MacDonald to third
1-1: Ground out 4-3 (Groundball, 4S)
Bottom of the 1st over - 1 run, 1 hit, 0 errors, 1 left on base; Pensacola 0 - Montgomery 1
TOP OF THE 2ND
Pensacola Pilots batting - Pitching for Montgomery Grey Sox : RHP Guillermo Duarte
Batting: RHB Ryan Nelson 0-0: Ball
1-0: Called Strike
1-1: Foul Ball, location: 2F
1-2: Ball
2-2: Ground out 4-3 (Groundball, 4)
Batting: RHB Robert Rose 0-0: Ball
1-0: Foul Ball, location: 2F
1-1: Ball
2-1: Ball
3-1: Foul Ball, location: 2F
3-2: Strikes out swinging
Batting: RHB Alfonso Sánchez 0-0: SINGLE (Groundball, 6MD)
Batting: RHB Tony Pulla 0-0: Ball
1-0: Called Strike
1-1: Foul Ball, location: 2F
1-2: Ball
2-2: Ball
3-2: Foul Ball, location: 2F
3-2: Base on Balls
Alfonso Sánchez to second
Batting: RHB Carson Allen 0-0: Ball
1-0: Fielders Choice at 2nd, 5-4 (Groundball, 5L)
Top of the 2nd over - 0 runs, 1 hit, 0 errors, 2 left on base; Pensacola 0 - Montgomery 1
BOTTOM OF THE 2ND
Montgomery Grey Sox batting - Pitching for Pensacola Pilots : RHP Pedro Vargas
Batting: RHB Bobby Hulsey 0-0: Swinging Strike
0-1: Ball
1-1: SINGLE (Groundball, 56D)
Batting: LHB Francisco Romo 0-0: Fly out, F8 (Flyball, 8LXD)
Batting: LHB Amlak Saitoti 0-0: Ball
1-0: Ball
2-0: Foul Ball, location: 2F
2-1: Ball
3-1: Base on Balls
Bobby Hulsey to second
Batting: RHB António Nevárez 0-0: Ball
1-0: Fielders Choice at 2nd, 1-6 (Groundball, P)
Bobby Hulsey to third
Batting: LHB Salvador López 0-0: SINGLE (Line Drive, 8RS)
Bobby Hulsey scores
António Nevárez to second
Batting: RHB Mike Cleveland 0-0: Ball
1-0: Fielders Choice at 2nd, 6-4 (Groundball, 6)
Bottom of the 2nd over - 1 run, 2 hits, 0 errors, 2 left on base; Pensacola 0 - Montgomery 2
TOP OF THE 3RD
Pensacola Pilots batting - Pitching for Montgomery Grey Sox : RHP Guillermo Duarte
Batting: SHB Carlos González 0-0: Ball
1-0: Ball
2-0: Ground out 4-3 (Groundball, 4)
Batting: LHB Freddy Torres 0-0: SINGLE (Flyball, 78S)
Batting: SHB Ron Winston 0-0: Ball
1-0: Called Strike
1-1: Ball
2-1: Called Strike
2-2: Strikes out looking
Batting: LHB Ángel Flores 0-0: Ball
1-0: Foul Ball, location: 2F
1-1: Ball
2-1: Ball
3-1: Foul Ball, location: 2F
3-2: Foul Ball, location: 2F
3-2: Foul Ball, location: 2F
3-2: Fly out, F7 (Flyball, 7D)
Top of the 3rd over - 0 runs, 1 hit, 0 errors, 1 left on base; Pensacola 0 - Montgomery 2
BOTTOM OF THE 3RD
Montgomery Grey Sox batting - Pitching for Pensacola Pilots : RHP Pedro Vargas
Batting: RHB Pedro Castro 0-0: Ball
1-0: Fly out, F7 (Flyball, 7S)
Batting: RHB Glen MacDonald 0-0: Ball
1-0: Foul Ball, location: 2F
1-1: Called Strike
1-2: Ball
2-2: Ball
3-2: Fly out, F7 (Flyball, 78S)
Batting: LHB Aaron Thompson 0-0: Ball
1-0: Foul Ball, location: 2F
1-1: Swinging Strike
1-2: Foul Ball, location: 2F
1-2: Foul Ball, location: 2F
1-2: SOLO HOME RUN (Flyball, 89XD), Distance : 417 ft
Batting: RHB Bobby Hulsey 0-0: Foul Ball, location: 2F
0-1: Foul Ball, location: 2F
0-2: Foul Ball, location: 2F
0-2: Ground out 6-3 (Groundball, 6D)
Bottom of the 3rd over - 1 run, 1 hit, 0 errors, 0 left on base; Pensacola 0 - Montgomery 3
TOP OF THE 4TH
Pensacola Pilots batting - Pitching for Montgomery Grey Sox : RHP Guillermo Duarte
Batting: RHB Ryan Nelson 0-0: Fly out, F4 (Popup, 34D)
Batting: RHB Robert Rose 0-0: Ball
1-0: Called Strike
1-1: Called Strike
1-2: Strikes out swinging
Batting: RHB Alfonso Sánchez 0-0: Foul Ball, location: 2F
0-1: Foul Ball, location: 2F
0-2: Ground out 5-3 (Groundball, 5S)
Top of the 4th over - 0 runs, 0 hits, 0 errors, 0 left on base; Pensacola 0 - Montgomery 3
BOTTOM OF THE 4TH
Montgomery Grey Sox batting - Pitching for Pensacola Pilots : RHP Pedro Vargas
Batting: LHB Francisco Romo 0-0: Ball
1-0: Ball
2-0: Foul Ball, location: 2F
2-1: Ball
3-1: Base on Balls
Batting: LHB Amlak Saitoti 0-0: Foul Ball, location: 2F
0-1: Ball
1-1: Ball
2-1: SINGLE (Groundball, 3D)
Francisco Romo to second
Runner from 2nd tries for 3rd, SAFE, no throw
Batting: RHB António Nevárez 0-0: Ball
1-0: DOUBLE (Line Drive, 89D)
Francisco Romo scores
Amlak Saitoti to third
Batting: LHB Salvador López 0-0: Ball
1-0: DOUBLE (Line Drive, 9LD)
Amlak Saitoti scores
António Nevárez scores
Batting: RHB Mike Cleveland 0-0: Ball
1-0: Called Strike
1-1: Ball
2-1: Ball
3-1: Reached via error on a dropped throw, E1
Salvador López to third
Batting: RHB Pedro Castro 0-0: Ball
1-0: Called Strike
1-1: Ball
2-1: Ball
3-1: Base on Balls
Mike Cleveland to second
Batting: RHB Glen MacDonald 0-0: Called Strike
0-1: Ball
1-1: SINGLE (Line Drive, 56D)
Salvador López scores
Mike Cleveland to third
Pedro Castro to second
Batting: LHB Aaron Thompson 0-0: Ball
1-0: Ball
2-0: Ball
3-0: Called Strike
3-1: Base on Balls
Mike Cleveland scores
Pedro Castro to third
Glen MacDonald to second
Batting: RHB Bobby Hulsey 0-0: Called Strike
0-1: Ball
1-1: Ball
2-1: Ball
3-1: Called Strike
3-2: Foul Ball, location: 2F
3-2: SINGLE (Groundball, 6MD)
Pedro Castro scores
Glen MacDonald to third
Aaron Thompson to second
Batting: LHB Francisco Romo 0-0: Ball
1-0: Grounds into double play, 3-6-1 (Groundball, 3)
Glen MacDonald scores
Aaron Thompson to third
Batting: LHB Amlak Saitoti 0-0: Ball
1-0: Ball
2-0: Ball
3-0: Called Strike
3-1: Base on Balls
Batting: RHB António Nevárez 0-0: Called Strike
0-1: Ball
1-1: Ball
2-1: Ball
3-1: Swinging Strike
3-2: SINGLE (Groundball, 56D)
Aaron Thompson scores
Amlak Saitoti to second
Amlak Saitoti to third
Batting: LHB Salvador López Pickoff Throw to First - Out!
Bottom of the 4th over - 8 runs, 6 hits, 1 error, 1 left on base; Pensacola 0 - Montgomery 11
TOP OF THE 5TH
Pensacola Pilots batting - Pitching for Montgomery Grey Sox : RHP Guillermo Duarte
Batting: RHB Tony Pulla 0-0: Ball
1-0: Swinging Strike
1-1: Fly out, F5 (Line Drive, 56)
Batting: RHB Carson Allen 0-0: Called Strike
0-1: Swinging Strike
0-2: Foul Ball, location: 2F
0-2: Fly out, F9 (Flyball, 9)
Batting: SHB Carlos González 0-0: Called Strike
0-1: Fly out, F8 (Line Drive, 8RXD)
Top of the 5th over - 0 runs, 0 hits, 0 errors, 0 left on base; Pensacola 0 - Montgomery 11
BOTTOM OF THE 5TH
Montgomery Grey Sox batting - Pitching for Pensacola Pilots : RHP Pedro Vargas
Batting: LHB Salvador López 0-0: Ball
1-0: Ground out 4-3 (Groundball, 4)
Batting: RHB Mike Cleveland 0-0: Ball
1-0: Ball
2-0: Ground out 6-3 (Groundball, 6S)
Batting: RHB Pedro Castro 0-0: Swinging Strike
0-1: SINGLE (Line Drive, 6M)
Batting: RHB Glen MacDonald 0-0: Ball
1-0: Ball
2-0: Ball
3-0: Called Strike
3-1: Base on Balls
Pedro Castro to second
Pitching: RHP Bryan Long
Batting: LHB Aaron Thompson 0-0: Called Strike
0-1: Ball
1-1: Ball
2-1: Ball
3-1: Fly out, F9 (Flyball, 89M)
Bottom of the 5th over - 0 runs, 1 hit, 0 errors, 2 left on base; Pensacola 0 - Montgomery 11
TOP OF THE 6TH
Pensacola Pilots batting - Pitching for Montgomery Grey Sox : RHP Guillermo Duarte
Batting: LHB Freddy Torres 0-0: Called Strike
0-1: Swinging Strike
0-2: Ball
1-2: Ball
2-2: Strikes out looking
Batting: SHB Ron Winston 0-0: Ball
1-0: Foul Ball, location: 2F
1-1: Foul Ball, location: 2F
1-2: Foul Ball, location: 2F
1-2: Foul Ball, location: 2F
1-2: Ball
2-2: Strikes out swinging
Batting: LHB Ángel Flores 0-0: Ball
1-0: Ball
2-0: Ground out U3 (Groundball, 34S)
Top of the 6th over - 0 runs, 0 hits, 0 errors, 0 left on base; Pensacola 0 - Montgomery 11
BOTTOM OF THE 6TH
Montgomery Grey Sox batting - Pitching for Pensacola Pilots : RHP Bryan Long
Batting: RHB Bobby Hulsey 0-0: Ball
1-0: Fly out, F8 (Flyball, 8LD)
Batting: LHB Francisco Romo 0-0: SOLO HOME RUN (Flyball, 8LXD), Distance : 415 ft
Batting: LHB Amlak Saitoti 0-0: Fly out, F9 (Flyball, 9S)
Batting: RHB António Nevárez 0-0: Ball
1-0: Ball
2-0: Ball
3-0: Foul Ball, location: 2F
3-1: Fly out, F6 (Line Drive, 6M)
Bottom of the 6th over - 1 run, 1 hit, 0 errors, 0 left on base; Pensacola 0 - Montgomery 12
TOP OF THE 7TH
Pensacola Pilots batting - Pitching for Montgomery Grey Sox : RHP Guillermo Duarte
Batting: RHB Ryan Nelson 0-0: Foul Ball, location: 2F
0-1: Called Strike
0-2: Ball
1-2: Ball
2-2: Ball
3-2: Base on Balls
Batting: RHB Robert Rose 0-0: Foul Ball, location: 2F
0-1: Called Strike
0-2: Ball
1-2: Foul Ball, location: 2F
1-2: Strikes out swinging
Batting: RHB Alfonso Sánchez 0-0: Fly out, F9 (Flyball, 9S)
Batting: RHB Tony Pulla 0-0: Ball
1-0: Called Strike
1-1: Ball
2-1: Ball
3-1: Base on Balls
Ryan Nelson to second
Batting: RHB Carson Allen 0-0: SINGLE (Groundball, 6D)
Ryan Nelson to third
Tony Pulla to second
Runner from 3rd tries for Home, SAFE, throw made home
Pitching: RHP Brent Shirley
Batting: SHB Carlos González 0-0: Ball
1-0: Ground out U3 (Groundball, 3)
Top of the 7th over - 1 run, 1 hit, 0 errors, 2 left on base; Pensacola 1 - Montgomery 12
BOTTOM OF THE 7TH
Montgomery Grey Sox batting - Pitching for Pensacola Pilots : RHP Bryan Long
Batting: LHB Salvador López 0-0: Ball
1-0: Foul Ball, location: 2F
1-1: Ball
2-1: Fly out, F4 (Popup, 4S)
Batting: RHB Mike Cleveland 0-0: Ball
1-0: Ball
2-0: Ball
3-0: Called Strike
3-1: Base on Balls
Batting: RHB Pedro Castro 0-0: Foul Ball, location: 2F
0-1: Ball
1-1: Fly out, F5 (Line Drive, 5S)
Batting: RHB Glen MacDonald 0-0: Called Strike
0-1: Ball
Balk!
Mike Cleveland to second
1-1: Ball
2-1: Foul Ball, location: 2F
2-2: Strikes out swinging
Bottom of the 7th over - 0 runs, 0 hits, 0 errors, 1 left on base; Pensacola 1 - Montgomery 12
TOP OF THE 8TH
Pensacola Pilots batting - Pitching for Montgomery Grey Sox : RHP Brent Shirley
Now at C: Ben White
Batting: LHB Freddy Torres 0-0: Ball
1-0: Fly out, F9 (Flyball, 9LM)
Pinch Hitting: SHB Ken Austin 0-0: Foul Ball, location: 2F
0-1: Ground out U3 (Groundball, 2R)
Batting: LHB Ángel Flores 0-0: Ball
1-0: Ball
2-0: Foul Ball, location: 2F
2-1: Foul Ball, location: 2F
2-2: Ball
3-2: Base on Balls
Batting: RHB Ryan Nelson 0-0: Called Strike
0-1: SINGLE (Groundball, 4MD)
Ángel Flores to second
Runner from 2nd tries for 3rd, SAFE, no throw
Batting: RHB Robert Rose 0-0: Ball
1-0: Called Strike
1-1: Foul Ball, location: 2F
1-2: Ball
2-2: Strikes out swinging
Top of the 8th over - 0 runs, 1 hit, 0 errors, 2 left on base; Pensacola 1 - Montgomery 12
BOTTOM OF THE 8TH
Montgomery Grey Sox batting - Pitching for Pensacola Pilots : RHP Bryan Long
Now at SS: José Velásquez
Batting: LHB Aaron Thompson 0-0: Called Strike
0-1: Ball
1-1: Ball
2-1: Ball
3-1: Base on Balls
Batting: RHB Bobby Hulsey 0-0: Called Strike
Balk!
Aaron Thompson to second
0-1: Called Strike
0-2: Foul Ball, location: 2F
0-2: Ball
1-2: Strikes out swinging
Batting: LHB Francisco Romo 0-0: Foul Ball, location: 2F
0-1: Called Strike
0-2: Ball
1-2: Fly out, F5 (Popup, 15)
Batting: LHB Amlak Saitoti 0-0: Called Strike
0-1: Ball
1-1: Foul Ball, location: 2F
Balk!
Aaron Thompson to third
1-2: Ball
2-2: Ball
3-2: Foul Ball, location: 2F
3-2: Ground out 4-3 (Groundball, 4)
Bottom of the 8th over - 0 runs, 0 hits, 0 errors, 1 left on base; Pensacola 1 - Montgomery 12
TOP OF THE 9TH
Pensacola Pilots batting - Pitching for Montgomery Grey Sox : RHP Brent Shirley
Batting: RHB Alfonso Sánchez 0-0: Ball
1-0: Swinging Strike
1-1: Foul Ball, location: 2F
1-2: Ball
2-2: Ball
3-2: Foul Ball, location: 2F
3-2: Fly out, F6 (Popup, 6M)
Batting: RHB Tony Pulla 0-0: Ball
1-0: Called Strike
1-1: Foul Ball, location: 2F
1-2: Ball
2-2: Ball
3-2: SINGLE (Groundball, 23) (infield hit)
Batting: RHB Carson Allen 0-0: Ball
1-0: Fly out, F3 (Popup, 34S)
Batting: SHB Carlos González 0-0: Swinging Strike
0-1: Foul Ball, location: 2F
0-2: Strikes out swinging
Top of the 9th over - 0 runs, 1 hit, 0 errors, 1 left on base; Pensacola 1 - Montgomery 12
Saturday, December 16th, 2017 - OOTP Baseball 18.8 Build 76